 Dungeon Crawl Stone Soup version 0.28-a0-726-g4a9143789a (webtiles) character file.

Game seed: 9974347900250792398

928 lawman0 the Gusty (level 8, -1/79 HPs)
             Began as a Barachi Air Elementalist on Oct 27, 2021.
             Was a Believer of Elyvilon.
             Slain by a troll (7 damage)
             ... on level 5 of the Dungeon.
             The game lasted 00:12:25 (6942 turns).

lawman0 the Gusty (Barachi Air Elementalist)        Turns: 6942, Time: 00:12:26

Health: -1/79      AC: 24    Str: 14    XL:     8   Next: 11%
Magic:  1/15       EV:  2    Int: 24    God:    Elyvilon [**....]
Gold:   171        SH:  0    Dex: 18    Spells: 3/16 levels left

rFire   . . .      SeeInvis .   a - +0 long sword
rCold   + . .      Faith    .   (no shield)
rNeg    . . .      Spirit   .   (armour currently unavailable)
rPois   +          Reflect  .   (helmet currently unavailable)
rElec   .          Harm     .   (cloak currently unavailable)
rCorr   .          Rampage  .   (gloves currently unavailable)
Will    .....      NoTele   +   (boots currently unavailable)
Stlth   ++........              (no amulet)
HPRegen 0.23/turn               r - +6 ring of dexterity
MPRegen 0.14/turn               l - ring "Teidanasez" {Drain rC+ Str+4 Int+6}

@: tree-form
A: stationary, stasis, torment immunity, boosted hp, (amphibious), (slowness 1),
(strong legs 1), +LOS
a: Renounce Religion, Lesser Healing, Heal Other, Divine Protection


You were on level 5 of the Dungeon.
You worshipped Elyvilon.
Elyvilon was pleased with you.
You were a tree.
You visited 1 branch of the dungeon, and saw 6 of its levels.

You collected 171 gold pieces.

Inventory:

Hand Weapons
 a - a +0 long sword (weapon)
 f - a +2 dagger of freezing
 h - a +0 hunting sling
Missiles
 e - 6 javelins
 o - 46 poisoned darts
Armour
 j - a +0 helmet (melded)
 n - a +0 ring mail of poison resistance (melded)
Jewellery
 l - the ring "Teidanasez" (right branch) {Drain rC+ Str+4 Int+6}
   (You found it on level 4 of the Dungeon)

   [ring of intelligence]

   Str:       It affects your strength (+4).
   Int:       It affects your intelligence (+6).
   rC:        It protects you from cold.
   Drain:     It drains your maximum health when unequipped.
 r - a +6 ring of dexterity (left branch)
 t - a ring of flight
Scrolls
 b - a scroll of fog
 d - 2 scrolls of immolation
 g - a scroll of teleportation
 i - a scroll of silence
 k - a scroll of amnesia
 m - a scroll of enchant weapon {unknown}
 q - a scroll of holy word
 u - a scroll of noise {unknown}
Potions
 c - a potion of mutation
 p - a potion of lignification
 s - 2 potions of heal wounds


   Skills:
 + Level 0.7 Fighting
 + Level 2.6 Armour
 + Level 2.6 Dodging
 + Level 2.1 Stealth
 + Level 4.7 Spellcasting
 + Level 4.4 Conjurations
 * Level 7.3 Air Magic


You had 3 spell levels left.
You knew the following spells:

 Your Spells              Type           Power      Damage    Failure   Level
a - Shock                 Conj/Air       100%       1d9       1%          1
b - Swiftness             Air            40%        N/A       1%          3
c - Airstrike             Air            20%        N/A       4%          4
d - Lightning Bolt        Conj/Air       17%        1d31      22%         5

Your spell library contained the following spells:

 Spells                   Type           Power      Damage    Failure   Level
 Magic Dart               Conj           100%       1d8       1%          1
 Static Discharge         Conj/Air       34%        N/A       1%          2
 Searing Ray              Conj           54%        2d6       2%          2
 Poisonous Vapours        Pois/Air       46%        N/A       3%          2
 Sting                    Tmut/Pois      20%        1d4       9%          1
 Olgreb's Toxic Radiance  Pois           5%         N/A       65%         4
 Conjure Ball Lightning   Conj/Air       17%        3x3d6     77%         6
 Orb of Destruction       Conj           13%        9d6       100%        7
 Spellforged Servitor     Conj/Summ      8%         N/A       100%        7
 Maxwell's Capacitive Co  Air            20%        ∞         100%        8


Dungeon Overview and Level Annotations

Branches:
Dungeon (6/15)
 Temple: D:4-7

Altars:
Elyvilon

Shops:
D:2 =


Innate Abilities, Weirdness & Mutations

You are a tree.
Your roots penetrate the ground, keeping you stationary.
You cannot be teleported.
You are immune to unholy pain and torment.
Your maximum health is greatly increased.
Your equipment is partially melded.
((You are amphibious.))
((You cover ground slowly.))
((You can hop short distances.))
You have an extended range of vision and can be seen from far away.


Message History

The air twists around and strikes the troll!
The troll is almost dead.
Unknown command.
Unknown command.
Your ring mail prevents you from hitting the troll.
The troll is severely wounded.
The troll bites you. The troll completely misses you.
The troll claws you but does no damage.
A bullfrog skeleton comes into view.
The troll bites you! The troll misses you. The troll claws you!
Your magical contamination has completely faded away.
There is an open door, spattered with blood here.
Really quaff the potion of lignification?
You turn into a tree.
Your +0 helmet melds into your body.
Your +0 ring mail of poison resistance melds into your body.
You no longer feel resistant to poison.
Your roots penetrate the ground.
The troll bites you but does no damage. The troll claws you but does no damage.
The troll claws you!
You hit the troll but do no damage.
The troll is severely wounded.
The troll bites you.
The troll claws you but does no damage. x2
You closely miss the troll.
The troll is severely wounded.
The troll bites you but does no damage.
The troll claws you but does no damage. x2
The troll bites you but does no damage.
The troll claws you but does no damage. x2
You hit the troll but do no damage.
The troll is heavily wounded.
The troll barely misses you. The troll claws you.
The troll claws you but does no damage.
You closely miss the troll.
The troll is heavily wounded.
The troll bites you but does no damage. The troll claws you!
* * * LOW HITPOINT WARNING * * *
The troll claws you but does no damage.
You barely miss the troll.
The troll is heavily wounded.
The troll bites you but does no damage. The troll claws you!
* * * LOW HITPOINT WARNING * * *
The troll completely misses you. The troll bites you!
You die...

###.######.#.###.#####..####.#...
....# #.#.# #.# ##.## #.#...
.#..# #.#'###.### #..# #.#...
.#..# #.........#####.###.#...
.#..# #.........+.........#..#
.#..######.........######.##.....
.........#.........'.............
....####.#.........######.#####..
#...####.#.#'###♣### #.## #..
#........#.#'###T###### #..# #..
#.......Z.......Z.....# ##.## #.#
#......)(.....(.......# #..# #.#
+.....................# ###.# #.#
#....#.###'#+#........# #...###.#
#....#.# # #........# #....##.#
##+#.#.# #..........# #....##.#
.#.# #.'...###[#### #.....#'#


You could see a troll and a bullfrog skeleton.

Vanquished Creatures
  2 black bears
  An ogre (D:4)
  4 scorpions
  A water moccasin skeleton (D:4)
  A centaur skeleton (D:4)
  A jelly (D:5)
  A hound (D:4)
  An iguana (D:4)
  2 hound skeletons
  Robin (D:2)
  9 adders
  A shadow imp (D:4)
  4 worms
  A dart slug (D:5)
  9 orcs
  3 ball pythons
  8 bats
  12 endoplasms
  3 giant cockroaches
  17 goblins
  10 hobgoblins
  3 jackals (D:2)
  5 quokkas
  3 frilled lizards
  9 kobolds
  7 rats
119 creatures vanquished.

Notes
Turn   | Place    | Note
-------+----------+-------------------------------------------
     0 | D:1      | lawman0 the Barachi Air Elementalist began the quest for
                  | the Orb.
     0 | D:1      | Reached XP level 1. HP: 13/13 MP: 3/3
   176 | D:1      | Reached XP level 2. HP: 19/19 MP: 1/5
   453 | D:1      | Reached skill level 4 in Air Magic
  1062 | D:2      | Reached XP level 3. HP: 24/24 MP: 1/6
  1216 | D:2      | Learned a level 3 spell: Swiftness
  1423 | D:2      | Noticed Robin
  1463 | D:2      | Killed Robin
  1464 | D:2      | Reached XP level 4. HP: 7/30 MP: 0/8
  1974 | D:2      | Learned a level 4 spell: Airstrike
  2048 | D:2      | Found a white marble altar of Elyvilon.
  2066 | D:2      | Became a worshipper of Elyvilon the Healer
  2386 | D:2      | Found a faded altar of an unknown god.
  2513 | D:2      | Found Nasulit's Jewellery Shop.
  2583 | D:2      | O_O
  3345 | D:3      | Reached XP level 5. HP: 35/35 MP: 7/9
  3752 | D:3      | Reached skill level 5 in Air Magic
  4053 | D:3      | Reached * piety under Elyvilon
  4338 | D:4      | Noticed a black bear
  4348 | D:4      | Killed a black bear
  4349 | D:4      | Reached XP level 6. HP: 21/41 MP: 1/11
  4805 | D:4      | Reached skill level 1 in Armour
  4805 | D:4      | Reached skill level 6 in Air Magic
  4890 | D:4      | Reached XP level 7. HP: 46/46 MP: 3/13
  5187 | D:4      | Learned a level 5 spell: Lightning Bolt
  5375 | D:4      | Identified a scroll of acquirement
  5376 | D:4      | Acquired lawman0's Reference Book on Conjuration
  5378 | D:4      | I mean
  5378 | D:4      | what else was I gonna do
  5410 | D:4      | Identified the ring "Teidanasez" {Drain rC+ Str+4 Int+6}
  6002 | D:5      | Entered Level 5 of the Dungeon
  6127 | D:5      | Reached skill level 7 in Air Magic
  6153 | D:5      | Reached ** piety under Elyvilon
  6199 | D:5      | Reached XP level 8. HP: 40/53 MP: 4/15
  6324 | D:5      | Noticed a troll
  6942 | D:5      | Slain by a troll

Illustrated notes

#............'...............
#...(...)....###.............
#............# #..........)..
#..........†.# #.(.[...).....
#............# #.......)...(.
#.......)....# #.............
#............# #.............
#............# #.............
#...........@# #..........>..
############## #.............
#............. #....#'#####..
#....#.....#.. ######8###.#.#
#P.P#.#.# ##.#.#.#.#
##.P#.'P#.#


Turn 2583 on D:2: O_O .........# #.# .####.##.# #.# .# #.##.# #.# .# #.##.###.#
.## #........# ..####.#.###.# ...###.#..##.# ....##.#...#.#########...
....'...........@..r..... ....##.#...#.#########... ...###.......# ..##
#####.### .## #.# ## #.# ##########.# ........##.# ........##.# Turn 5378 on
D:4: I mean

Levels and vault maps discovered:
D:1:      minmay_arrival_four_houses, layout_loops_ring
D:2:      layout_basic, shapermc_ecumenical_altar_ellora, basic_altar,
          serial_shops, shop, uniq_robin
D:3:      layout_loops_cross, minmay_statues_item
D:4:      layout_loops_corners
D:5:      black_bear_nest_2, layout_basic, minmay_temple_entry_statues_fountains
D:6:      minmay_general_purpose_star, layout_layer_cave, serial_shops,
          nicolae_shop_competitors_out_of_business, minmay_misc_feat_tower,
          uniq_edmund, uniq_menkaure, uniq_duvessa, uniq_prince_ribbit1,
          uniq_grinder

Skill      XL: |  1  2  3  4  5  6  7 |
---------------+----------------------+-----
Air Magic      | 4 5 6 7 |  7.3
Conjurations   | 2 3 4 |  4.4
Spellcasting   | 3 4 |  4.7
Stealth        | 2 |  2.1
Armour         | 1 2 |  2.6
Fighting       | |  0.7
Dodging        | |  2.6

Action                   |  1- 3 |  4- 6 |  7- 9 || total
-------------------------+-------+-------+-------++-------
Melee: Unarmed           |     4 |       |       ||     4
       Dagger            |    20 |    28 |     4 ||    52
       Long sword        |       |       |     6 ||     6
 Cast: Shock             |    72 |   160 |    88 ||   320
       Airstrike         |       |       |     4 ||     4
Invok: Lesser Healing    |       |     1 |     1 ||     2
 Abil: Hop               |       |     1 |       ||     1
  Use: Potion            |     2 |       |     1 ||     3
       Scroll            |       |     3 |     9 ||    12
 Stab: Invisible         |     1 |       |       ||     1
       Sleeping          |       |     1 |       ||     1
Armor: Robe              |    14 |     3 |       ||    17
       Ring mail         |       |    12 |    13 ||    25
       Skin              |       |       |    14 ||    14
Dodge: Dodged            |    23 |    23 |    26 ||    72

Table legend: (Time is in decaauts)
 A = Elapsed time spent in this place.
 B = Non-inter-level travel time spent in this place.
 C = Inter-level travel time spent in this place.
 D = Time resting spent in this place.
 E = Time spent auto-exploring this place.
 F = Levels seen in this place.
 G = Mean time per level.
                   A        B        C        D        E       F      G
               +--------+--------+--------+--------+--------+-----+--------+
         Total |   7591 |   7415 |    176 |   1467 |   5010 |   6 | 1265.2 |
       Dungeon |   7591 |   7415 |    176 |   1467 |   5010 |   6 | 1265.2 |
               +--------+--------+--------+--------+--------+-----+--------+

Top non-repeatable levels by time:
     D:4: 1900 daAuts
     D:2: 1751 daAuts
     D:1: 1530 daAuts
     D:3: 1351 daAuts
     D:5: 1010 daAuts
     D:6: 47 daAuts
